 Dungeon Crawl Stone Soup version 0.21.1-1-g345015f (webtiles) character file.

251278 KromesxD the Bludgeoner (level 19, -23/179 HPs)
             Began as a Minotaur Berserker on June 4, 2018.
             Was a High Priest of Trog.
             Annihilated by a kraken (28 damage)
             ... on level 3 of the Shoals.
             The game lasted 03:19:55 (51435 turns).

KromesxD the Bludgeoner (Minotaur Berserker)       Turns: 51435, Time: 03:19:57

Health: -23/179    AC: 32    Str: 24    XL:     19   Next: 32%
Magic:  16/16      EV: 15    Int:  7    God:    Trog [*****.]
Gold:   3223       SH: 19    Dex: 15    Spells: 18/18 levels left

rFire    + + +     SeeInvis .   a - +6 mace of the Dove {holy, rF++}
rCold    x . .     Gourm    .   m - +1 shield {rN+}
rNeg     + . .     Faith    .   D - +4 plate armour {MR+}
rPois    +         Spirit   .   k - +0 hat
rElec    +         Reflect  +   N - +2 cloak
rCorr    +         Harm     .   T - +2 pair of gloves
MR       ++...                  p - +2 pair of boots
Stlth    ..........             g - +3 amulet of reflection
HPRegen  0.39/turn              O - ring of Lydwonev {Fire rPois}
MPRegen  0.15/turn              j - ring "Yhemin" {rCorr rElec Dex+2}

@: berserk cooldown, slowed, very slow
A: retaliatory headbutt, horns 2, low mp 1
}: 1/15 runes: serpentine
a: Berserk, Trog's Hand, Brothers in Arms, Burn Spellbooks, Renounce Religion


You were on level 3 of the Shoals.
You worshipped Trog.
Trog was extremely pleased with you.
You were very hungry.

You visited 5 branches of the dungeon, and saw 30 of its levels.
You visited the Abyss 1 time.
You also visited: Ossuary, Bailey, Ice Cave and Volcano.

You collected 4953 gold pieces.
You spent 1730 gold pieces at shops.

Inventory:

Hand Weapons
 a - the +6 mace of the Dove (weapon) {holy, rF++}
   (You found it on level 7 of the Dungeon)

   It has been blessed by the Shining One to cause great damage to the undead
   and demons.
   It greatly protects you from fire.
 b - the +9 hunting sling of False Accusations {speed, Int+3}
   (You found it on level 4 of the Dungeon)

   Attacks with this weapon are significantly faster.
   It affects your intelligence (+3).
 H - the +6 war axe of the Realms {venom, rPois rC- Str+8 SInv}
   (You found it on level 1 of the Lair of Beasts)

   It poisons the flesh of those it strikes.
   It affects your strength (+8).
   It makes you vulnerable to cold.
   It protects you from poison.
   It lets you see invisible.
Missiles
 X - 205 sling bullets
Armour
 k - a +0 hat (worn)
 m - a +1 shield of positive energy (worn)
 p - a +2 pair of boots (worn)
 u - a +2 buckler
 D - a +4 plate armour of magic resistance (worn)
 J - a scarf of resistance
 N - a +2 cloak (worn)
 T - a +2 pair of gloves (worn)
Jewellery
 g - a +3 amulet of reflection (around neck)
 j - the ring "Yhemin" (right hand) {rCorr rElec Dex+2}
   (You bought it in a shop on level 2 of the Orcish Mines)

   [ring of resist corrosion]

   It affects your dexterity (+2).
   It insulates you from electricity.
 O - the ring of Lydwonev (left hand) {Fire rPois}
   (You found it on level 8 of the Dungeon)

   [ring of fire]

   It enhances your fire magic.
   It protects you from fire.
   It makes you vulnerable to cold.
   It protects you from poison.
Wands
 s - a wand of digging (11)
 t - a wand of polymorph (16)
 x - a wand of clouds (2)
 y - a wand of scattershot (2)
 B - a wand of acid (15)
 E - a wand of iceblast (9)
 K - a wand of paralysis (9)
 Q - a wand of enslavement (17)
Scrolls
 e - 2 scrolls of fog
 f - 5 scrolls of identify
 h - 23 scrolls of remove curse
 i - 9 scrolls of teleportation
 o - 10 scrolls of magic mapping
 v - a scroll of enchant armour
 C - a scroll of fear
 P - 3 scrolls of immolation
 S - 2 scrolls of brand weapon
 V - a scroll of enchant weapon
 Z - a scroll of blinking
Potions
 l - 7 potions of flight
 n - 6 potions of brilliance
 q - a potion of heal wounds
 z - 4 potions of agility
 F - 3 potions of haste
 G - a potion of cancellation
 L - 3 potions of berserk rage
 M - 3 potions of resistance
 R - a potion of might
 Y - 2 potions of magic
Miscellaneous
 d - a phial of floods
 w - a fan of gales
 I - 2 phantom mirrors
 W - 3 boxes of beasts
Comestibles
 c - 17 rations


   Skills:
 - Level 18.0 Fighting
   Level 8.1 Long Blades
 - Level 8.0(14.4) Axes
 - Level 18.4(18.9) Maces & Flails
 - Level 11.7 Slings
 - Level 16.0 Armour
 + Level 14.0 Dodging
 - Level 15.6 Shields


You had 18 spell levels left.
You didn't know any spells.

Dungeon Overview and Level Annotations

Branches:
Dungeon (15/15)            Temple (0/1) D:4            Lair (6/6) D:9
 Shoals (3/4) Lair:3        Snake (4/4) Lair:4        Slime (0/5) Lair:5
    Orc (2/2) D:11            Elf (0/3) Orc:2        Vaults (0/5) D:14
 Depths (0/5) D:15

Altars:
Ashenzari
Fedhas
Gozag
Hepliaklqana
Kikubaaqudgha
Makhleb
Nemelex Xobeh
Ru
Sif Muna
Trog
Vehumet
Wu Jian
Yredelemnul
Zin
The Shining One

Shops:
D:2 *   D:10 [   Orc:2 =*(!:   Snake:2 [

Portals:
Pandemonium: Orc:2

Annotations:
D:14 exclusion: orange crystal statue


Innate Abilities, Weirdness & Mutations

You reflexively headbutt those who attack you in melee.
You have a pair of horns on your head.
Your magical capacity is low. (-10% MP)


Message History

The tentacle slaps you but does no damage.
The tentacle slaps you!
* * * LOW HITPOINT WARNING * * *
The kraken bites you but does no damage.
You hit the tentacle but do no damage.
The tentacle is moderately wounded.
You block the tentacle's attack. The tentacle barely misses you.
You block the tentacle's attack.
A tentacle segment bursts forth from the water. x3
The kraken bites you!!
* * * LOW HITPOINT WARNING * * *
The tentacle closely misses you. You block the tentacle's attack.
The tentacle misses you.
You hit the kraken.
The kraken is almost dead.
The tentacle slaps you but does no damage.
The tentacle slaps you.
* * * LOW HITPOINT WARNING * * *
The kraken bites you!!
You die...

≈≈≈≈≈≈≈≈≈≈≈≈≈≈≈
≈≈≈≈≈≈≈≈≈≈≈≈≈≈≈≈≈≈≈≈
≈≈≈≈≈≈≈≈≈≈≈≈≈≈≈≈≈≈≈≈
≈≈≈≈≈≈≈≈≈≈≈≈≈≈≈≈≈≈≈≈≈
≈≈≈≈≈≈≈≈≈≈≈≈≈≈≈≈≈≈≈≈≈
≈≈≈≈≈≈≈≈≈≈≈≈≈≈≈≈≈≈≈≈≈
≈≈≈≈≈≈≈≈≈≈≈§§§§≈≈≈≈≈≈
...≈≈≈≈≈≈≈§w§X§≈≈≈≈≈≈
##....†..§§@w§(≈≈≈≈≈
########.w§§§≈≈≈≈≈≈
##≈≈÷§≈≈≈≈≈≈ ##
#.≈≈≈≈≈≈≈≈≈≈ ##.#
#.≈≈≈≈≈≈≈≈≈≈
#...###)≈≈≈≈≈(≈≈≈≈
##.....≈≈≈<≈(.≈≈≈≈
.##..≈≈≈≈≈≈≈≈.$..≈≈≈
≈≈≈......≈≈≈≈)≈)≈≈..#.≈.


You could see a kraken and 3 tentacles.

Vanquished Creatures
  Nikola (Snake:1)
  An Executioner (Abyss:3)
  Kirke (Snake:1)
  9 nagarajas
  Aizul (Shoals:2)
  2 orc warlords
  A stone giant (Orc:2)
  A dire elephant (D:15)
  A merfolk javelineer (Shoals:1)
  Josephine (D:12)
  An ogre mage (D:14)
  20 naga warriors
  A rakshasa (D:12)
  6 hydras
  Harold (D:10)
  2 centaur warriors
  Fannar (Lair:3)
  A vault guard (D:14)
  17 anacondas
  5 two-headed ogres
  3 merfolk avatars
  3 death knights
  2 merfolk aquamancers
  5 tengu warriors
  The ghost of zuik the Severer, a novice MiBe of Trog (D:9)
  14 naga sharpshooters
  Sonja (Lair:3)
  A large abomination (Abyss:3)
  6 orc high priests (Orc:2)
  A thrashing horror (Abyss:3)
  7 shock serpents
  A salamander mystic (Snake:3)
  A sun demon (Orc:2)
  2 wizards
  A wretched star (Abyss:3)
  A soul eater (Orc:2)
  An unseen horror (D:15)
  2 skeletal warriors (Volcano)
  An infernal demonspawn (Orc:2)
  20 sea snakes
  2 torturous demonspawn (Orc:2)
  8 naga ritualists
  3 anaconda skeletons (Volcano)
  A lindwurm (Lair:4)
  10 orc knights
  7 harpies
  10 ugly things
  A necromancer (IceCv)
  7 deep elf magi
  A wolf spider (D:15)
  4 cyclopes
  14 mana vipers
  8 orc sorcerers
  8 salamanders
  12 fauns
  11 manticores
  14 naga magi
  42 black mambas
  5 water nymphs
  4 ice statues (IceCv)
  4 merfolk sirens
  8 elephants (Lair:6)
  A rust devil (Orc:2)
  9 guardian serpents
  Psyche (D:8)
  8 gargoyles
  2 apocalypse crabs (Abyss:3)
  3 rime drakes (Lair:6)
  A kobold demonologist (D:12)
  2 freezing wraiths
  8 komodo dragons
  11 spiny frogs
  A yaktaur (D:15)
  The ghost of Saeniel the Magician, a novice DEFE (D:6)
  An efreet (D:15)
  3 tengu conjurers
  9 trolls
  7 ice devils
  7 merfolk
  4 wind drakes
  3 hornets
  2 polar bears (Lair:6)
  5 slime creatures (D:14)
  A harpy skeleton (Volcano)
  9 blink frogs
  7 snapping turtles
  3 raiju (Abyss:3)
  14 hippogriffs
  4 meliai zombies
  An alligator skeleton (Volcano)
  7 dream sheep (Lair:6)
  6 water elementals
  3 flying skulls (Volcano)
  A redback (shapeshifter) (D:12)
  2 shadows
  Sigmund (D:2)
  10 wraiths
  Eustachio (D:5)
  44 yaks
  A vampire (D:12)
  7 wyverns
  2 chaos spawn
  2 hogs (Snake:1)
  A vampire mosquito (D:12)
  A hungry ghost (D:14)
  A neqoxec (Abyss:3)
  4 wargs
  Edmund (D:4)
  62 nagas
  A soldier ant (D:9)
  Duvessa (D:7)
  25 water moccasins
  A soldier ant (shapeshifter) (D:15)
  42 orc warriors
  4 porcupines
  4 sky beasts
  4 ice beasts
  A hornet zombie (D:7)
  An ettin simulacrum (Abyss:3)
  A black bear (Lair:4)
  2 phantoms
  2 eyes of draining
  11 wolves (Lair:3)
  A necrophage (D:14)
  10 ogres
  21 centaurs
  10 crocodiles
  5 big kobolds
  The ghost of Cartwheel the Caller, an amateur DESu (D:4)
  13 bullfrogs
  Dowan (D:7)
  4 scorpions
  A wyvern skeleton (D:12)
  18 killer bees
  8 wights
  5 howler monkeys
  A troll skeleton (Volcano)
  5 electric eels
  A spriggan skeleton (Volcano)
  6 crimson imps
  A draconian simulacrum (IceCv)
  A bullfrog zombie (D:7)
  7 centaur zombies
  8 hounds
  3 jellies
  Crazy Yiuf (D:7)
  2 bullfrog skeletons
  27 orc priests
  4 centaur skeletons
  25 orc wizards
  16 worker ants
  An iguana (D:14)
  A spriggan simulacrum (IceCv)
  A big kobold zombie (Ossuary)
  A centaur simulacrum (IceCv)
  4 naga skeletons (Volcano)
  2 hound skeletons
  4 mummies
  2 worker ant zombies
  31 gnolls
  16 adders
  6 naga simulacra (IceCv)
  An ogre simulacrum (IceCv)
  7 shadow imps
  13 white imps
  An ooze (D:2)
  3 adder zombies (Ossuary)
  An adder skeleton (D:7)
  A worm (D:2)
  A dart slug (D:1)
  5 leopard geckos
  92 orcs
  8 giant cockroaches
  A gnoll zombie (Ossuary)
  27 goblins
  20 hobgoblins
  20 jackals
  4 ball pythons
  7 bats
  6 frilled lizards
  4 goblin zombies (Ossuary)
  2 hobgoblin zombies (Ossuary)
  A jackal zombie (D:7)
  21 kobolds
  A kobold zombie (Ossuary)
  6 quokka zombies
  5 rats
  A rat zombie (Ossuary)
  3 tentacles (Shoals:3)
1254 creatures vanquished.

Vanquished Creatures (collateral kills)
  2 nagarajas (Snake:4)
  A fire crab (D:12)
  An unseen horror (D:12)
  An ice beast (D:12)
5 creatures vanquished.

Vanquished Creatures (others)
  A merfolk javelineer (Shoals:1)
  2 satyrs
  A naga ritualist (Snake:4)
  2 fauns
  A black mamba (Snake:3)
  3 nagas
  A sky beast (D:12)
  An orc priest (Orc:2)
  An orc (Orc:2)
  9 plants
  6 tentacles (Shoals:3)
28 creatures vanquished.

Grand Total: 1287 creatures vanquished

Notes
Turn   | Place    | Note
-------+----------+-------------------------------------------
     0 | D:1      | KromesxD the Minotaur Berserker began the quest for the Orb.
     0 | D:1      | Reached XP level 1. HP: 19/19 MP: 0/0
   193 | D:1      | Reached XP level 2. HP: 12/27 MP: 1/1
   936 | D:2      | Reached ** piety under Trog
   936 | D:2      | Reached XP level 3. HP: 31/33 MP: 2/2
   941 | D:2      | Found an opulent altar of Gozag.
  1039 | D:2      | Found a blossoming altar of Fedhas.
  1116 | D:2      | Noticed Sigmund
  1123 | D:2      | Killed Sigmund
  1123 | D:2      | Reached skill level 5 in Fighting
  1123 | D:2      | Reached XP level 4. HP: 42/42 MP: 3/3
  1123 | D:2      | Reached XP level 5. HP: 48/48 MP: 4/4
  1143 | D:2      | Found a shattered altar of Ashenzari.
  1605 | D:2      | Found Zin's Purification Station.
  1607 | D:2      | Found a glowing silver altar of Zin.
  1839 | D:3      | Found a radiant altar of Vehumet.
  1917 | D:3      | Reached *** piety under Trog
  2005 | D:3      | Found a blossoming altar of Fedhas.
  2101 | D:3      | Reached XP level 6. HP: 56/56 MP: 5/5
  2305 | D:3      | Found a sparkling altar of Nemelex Xobeh.
  2793 | D:4      | Found a sacrificial altar of Ru.
  2986 | D:4      | Found a staircase to the Ecumenical Temple.
  3147 | D:4      | Got an iridescent hunting sling
  3148 | D:4      | Identified the +9 hunting sling of False Accusations {speed, Int+3} (You found it on level 4 of the Dungeon)
  3209 | D:4      | Reached skill level 1 in Slings
  3289 | D:4      | Got a pitted great sword
  3295 | D:4      | Identified the +8 great sword of Hood {venom, *Rage rPois rC+ Str+2} (You found it on level 4 of the Dungeon)
  3473 | D:4      | Noticed Cartwheel's ghost (amateur DESu)
  3483 | D:4      | Killed Cartwheel's ghost
  3483 | D:4      | Reached XP level 7. HP: 63/63 MP: 6/6
  3773 | D:5      | Entered Level 5 of the Dungeon
  3773 | D:5      | Noticed Edmund
  3794 | D:4      | Killed Edmund
  4042 | D:5      | Reached skill level 5 in Long Blades
  4164 | D:5      | Noticed Eustachio
  4172 | D:5      | Killed Eustachio
  4321 | D:5      | Reached XP level 8. HP: 68/70 MP: 7/7
  4390 | D:5      | Found a sand-covered staircase.
  4397 | Ossuary  | Entered an ossuary
  4666 | Ossuary  | Reached **** piety under Trog
  4840 | D:5      | Found a burning altar of Makhleb.
  4840 | D:5      | Noticed a blizzard demon
  4843 | D:5      | Noticed an orange demon
  4843 | D:5      | Noticed an orange demon
  5352 | D:6      | Reached skill level 5 in Armour
  5511 | D:6      | Reached skill level 5 in Dodging
  5553 | D:6      | Noticed Saeniel's ghost (novice DEFE)
  5562 | D:6      | Killed Saeniel's ghost
  5562 | D:6      | Reached XP level 9. HP: 75/75 MP: 8/8
  5818 | D:6      | Noticed a deep elf mage
  5823 | D:6      | Killed a deep elf mage
  6210 | D:6      | Found a hazy altar of Hepliaklqana.
  6411 | D:7      | Found an ornate altar of the Wu Jian Council.
  6482 | D:7      | Reached ***** piety under Trog
  6502 | D:7      | Found a bloodstained altar of Trog.
  6594 | D:7      | Noticed Dowan
  6595 | D:7      | Noticed Duvessa
  6605 | D:7      | Killed Duvessa
  6606 | D:7      | Killed Dowan
  6676 | D:7      | Found a basalt altar of Yredelemnul.
  6680 | D:7      | Noticed a profane servitor
  6683 | D:7      | Found a glowing golden altar of the Shining One.
  6686 | D:7      | Noticed an angel
  7054 | D:7      | Got a pitted mace
  7055 | D:7      | Identified the +6 mace of the Dove {holy, rF++} (You found it on level 7 of the Dungeon)
  7058 | D:7      | Found a runed door.
  7237 | D:7      | Noticed Crazy Yiuf
  7243 | D:7      | Killed Crazy Yiuf
  7280 | D:8      | Reached skill level 1 in Maces & Flails
  7284 | D:8      | Got a faintly glowing brass ring
  7289 | D:8      | Identified the ring of Lydwonev {Fire rPois} (You found it on level 8 of the Dungeon)
  7470 | D:8      | Reached XP level 10. HP: 83/83 MP: 9/9
  8013 | D:8      | Found a deep blue altar of Sif Muna.
  8099 | D:8      | Noticed Psyche
  8180 | D:8      | Killed Psyche
  8180 | D:8      | Received a gift from Trog
  8442 | D:9      | Noticed zuik's ghost (novice MiBe)
  8455 | D:9      | Killed zuik's ghost
  8455 | D:9      | Reached skill level 5 in Maces & Flails
  8455 | D:9      | Reached skill level 5 in Slings
  8702 | D:9      | Found a staircase to the Lair.
  8878 | D:9      | Noticed a two-headed ogre
  8885 | D:9      | Killed a two-headed ogre
  8972 | D:9      | Paralysed by a hornet for 3 turns
  9383 | D:10     | Entered Level 10 of the Dungeon
  9532 | D:10     | Found Efamea's Armour Boutique.
  9570 | D:10     | Bought a +0 pair of boots for 58 gold pieces
  9570 | D:10     | Bought a +2 pair of gloves for 214 gold pieces
  9671 | D:10     | Reached skill level 1 in Shields
  9923 | D:10     | Noticed Harold
  9935 | D:10     | Killed Harold
  9935 | D:10     | Reached XP level 11. HP: 79/89 MP: 10/10
 10270 | D:11     | Reached skill level 5 in Shields
 10454 | D:11     | Noticed an eight-headed hydra
 10461 | D:11     | Killed an eight-headed hydra
 10758 | D:11     | Noticed a cyan ugly thing
 10769 | D:11     | Killed a cyan ugly thing
 10953 | D:11     | Found a staircase to the Orcish Mines.
 11156 | D:12     | Noticed a deep elf mage
 11167 | D:12     | Killed a deep elf mage
 11203 | D:12     | Received a gift from Trog
 11242 | D:12     | Reached skill level 10 in Shields
 11259 | D:12     | Noticed a wizard
 11522 | D:12     | Killed a wizard
 11541 | D:12     | Noticed a two-headed ogre
 11551 | D:12     | Killed a two-headed ogre
 11553 | D:12     | Noticed a tengu warrior
 11578 | D:12     | Noticed a rakshasa
 11586 | D:12     | Killed a tengu warrior
 11833 | D:12     | Killed a rakshasa
 11833 | D:12     | Reached XP level 12. HP: 37/97 MP: 11/11
 12107 | D:12     | Noticed a death knight
 12120 | D:12     | Noticed a two-headed ogre
 12330 | D:12     | Noticed a death knight
 12350 | D:12     | Killed a death knight
 12630 | D:12     | Noticed a tengu warrior
 12661 | D:12     | Killed a tengu warrior
 12661 | D:12     | Reached skill level 10 in Maces & Flails
 13093 | D:12     | Noticed Josephine
 13130 | D:12     | Found a deep blue altar of Sif Muna.
 13213 | D:12     | Noticed a six-headed hydra
 13218 | D:12     | Noticed an eight-headed hydra
 13578 | D:12     | Noticed a centaur warrior
 13601 | D:12     | Killed a centaur warrior
 13645 | D:12     | Killed Josephine
 13767 | D:12     | Received a gift from Trog
 13817 | D:12     | Killed a death knight
 14080 | D:12     | Noticed a two-headed ogre
 14097 | D:12     | Killed a two-headed ogre
 14126 | D:12     | Got a transparent platinum ring
 14128 | D:12     | Identified the ring "Adiu" {*Tele rPois Int+3 Dex-3} (You took it off a death knight on level 12 of the Dungeon)
 14140 | D:12     | Noticed an eight-headed hydra
 14159 | D:12     | Killed an eight-headed hydra
 14458 | D:12     | Killed an eight-headed hydra
 14614 | D:12     | Reached skill level 10 in Fighting
 14614 | D:12     | Reached XP level 13. HP: 49/113 MP: 12/12
 15050 | D:12     | Identified the Collected Works on the Blaze and Black Arts
 17246 | D:13     | Reached skill level 10 in Armour
 18111 | D:14     | Received a gift from Trog
 18320 | D:14     | Reached skill level 10 in Dodging
 18826 | D:14     | Got a smoking amber ring
 18911 | D:14     | Found a gate to the Vaults.
 19015 | D:15     | Entered Level 15 of the Dungeon
 19205 | D:15     | Reached XP level 14. HP: 118/122 MP: 13/13
 19228 | D:15     | Identified the ring "Ciory" {+Inv MP+9 Slay+3} (You took it off a centaur warrior on level 14 of the Dungeon)
 20074 | D:15     | Found a staircase to the Depths.
 20643 | D:15     | Reached skill level 15 in Maces & Flails
 21238 | Orc:1    | Entered Level 1 of the Orcish Mines
 21493 | Orc:1    | Found a flagged portal.
 21505 | Bailey   | Entered a bailey
 21867 | Bailey   | Noticed an orc warlord
 21893 | Bailey   | Killed an orc warlord
 22353 | Orc:1    | Received a gift from Trog
 22418 | Orc:1    | Received a gift from Trog
 22770 | Orc:2    | Entered Level 2 of the Orcish Mines
 23018 | Orc:2    | Found Pujanusk's Distillery.
 23019 | Orc:2    | Found Cuizag's General Store.
 23806 | Orc:2    | Noticed an orc warlord
 23834 | Orc:1    | Killed an orc warlord
 24104 | Orc:2    | Received a gift from Trog
 24366 | Orc:2    | Found Doisuug's Jewellery Shop.
 24391 | Orc:2    | Noticed a stone giant
 24668 | Orc:2    | Killed a stone giant
 24880 | Orc:2    | Found a staircase to the Elven Halls.
 25420 | Orc:2    | Reached XP level 15. HP: 121/128 MP: 14/14
 26242 | Orc:2    | Found Wysif Qixeym's Book Shop.
 26242 | Orc:2    | Found Ziaqoh's Antique Weapon Boutique.
 26242 | Orc:2    | Found a one-way gate leading to the halls of Pandemonium.
 26450 | D:10     | Bought a +4 plate armour of magic resistance for 650 gold pieces
 26499 | D:10     | Identified a scroll of acquirement
 26538 | Lair:1   | Entered Level 1 of the Lair of Beasts
 26606 | Lair:1   | Found a frozen archway.
 26619 | Lair:1   | Received a gift from Trog
 26755 | IceCv    | Entered an ice cave
 27323 | IceCv    | Received a gift from Trog
 27635 | IceCv    | Got a heavily runed chain mail
 27646 | IceCv    | Identified the +4 chain mail "Jaydinaj" {-Cast rPois rN++ Str-4} (You found it in an ice cave)
 28449 | Lair:1   | Got a dazzling war axe
 28450 | Lair:1   | Identified the +6 war axe of the Realms {venom, rPois rC- Str+8 SInv} (You found it on level 1 of the Lair of Beasts)
 29432 | Lair:2   | Received a gift from Trog
 29639 | Lair:2   | Found an ancient bone altar of Kikubaaqudgha.
 29901 | Lair:3   | Reached XP level 16. HP: 140/140 MP: 15/15
 30086 | Lair:3   | Noticed Fannar
 30100 | Lair:3   | Killed Fannar
 30210 | Lair:3   | Noticed Sonja
 30215 | Lair:3   | Killed Sonja
 30215 | Lair:3   | Received a gift from Trog
 30241 | Lair:3   | Got a faintly humming ring mail
 30252 | Lair:3   | Identified the +1 ring mail of Compression {rC+ Dex+3 Slay+3} (You found it on level 3 of the Lair of Beasts)
 30631 | Orc:2    | Bought a +3 amulet of reflection for 235 gold pieces
 30874 | Lair:3   | Found a staircase to the Shoals.
 31297 | Lair:4   | Received a gift from Trog
 31348 | Lair:4   | Found a staircase to the Snake Pit.
 31556 | Lair:4   | Found a basalt altar of Yredelemnul.
 31771 | Lair:5   | Reached skill level 10 in Slings
 32182 | Lair:5   | Found a staircase to the Slime Pits.
 32229 | Lair:5   | Found a dark tunnel.
 32235 | Volcano  | Entered a volcano
 33146 | Lair:6   | Entered Level 6 of the Lair of Beasts
 33192 | Lair:6   | Received a gift from Trog
 34229 | Lair:6   | Reached ****** piety under Trog
 34378 | Lair:6   | HP: 5/145 [drowned by a drowned soul[a merfolk avatar] (13)]
 34386 | Lair:6   | Reached XP level 17. HP: 8/152 MP: 16/16
 34827 | Lair:6   | Got a bloodstained executioner's axe
 34849 | Lair:6   | Identified the +8 executioner's axe of Yesterday {speed, Int+3 Stlth+} (You found it on level 6 of the Lair of Beasts)
 35256 | Snake:1  | Entered Level 1 of the Snake Pit
 35308 | Snake:1  | Noticed Kirke
 35330 | Snake:1  | Killed Kirke
 35351 | Snake:1  | Noticed Nikola
 35371 | Snake:1  | Killed Nikola
 35371 | Snake:1  | Received a gift from Trog
 35758 | Snake:1  | Reached skill level 15 in Fighting
 37195 | Snake:2  | Found Kissiow's Armour Shop.
 37574 | Snake:2  | Received a gift from Trog
 38438 | Snake:3  | Found a transporter.
 38592 | Snake:3  | Found a transporter.
 39242 | Snake:3  | Found an opulent altar of Gozag.
 39447 | Snake:3  | Got a smoking chain mail
 39891 | Snake:2  | Identified the +8 chain mail of Focus {rC+ MR- Int+2} (You found it on level 3 of the Snake Pit)
 40126 | Snake:3  | Got a crude iron ring
 40128 | Snake:3  | Identified the ring of Megalomania {Fire Str-2 Int+10 Stlth+} (You acquired it on level 3 of the Snake Pit)
 40272 | Snake:3  | Received a gift from Trog
 40467 | Snake:3  | Reached XP level 18. HP: 169/172 MP: 17/17
 40806 | Snake:3  | Received a gift from Trog
 40815 | Snake:3  | Cast into level 3 of the Abyss (the power of Zot)
 40942 | Abyss:3  | Gained mutation: Your magical capacity is low. (-10% MP) [a neqoxec]
 41042 | Snake:3  | Escaped the Abyss
 41425 | Snake:3  | Got a crude tin ring
 41426 | Snake:3  | Identified the ring of the Tortoise {Ice +Fly rElec MR- Str+5} (You found it on level 3 of the Snake Pit)
 41439 | Snake:3  | Got a twitching golden amulet
 41441 | Snake:3  | Identified the amulet "Ycwiff" {Regen+ Int+3} (You found it on level 3 of the Snake Pit)
 41487 | Snake:4  | Entered Level 4 of the Snake Pit
 41528 | Snake:4  | Received a gift from Trog
 41701 | Snake:4  | HP: 6/258 [shock serpent/bolt of electricity (14)]
 42206 | Snake:4  | Received a gift from Trog
 42687 | Orc:2    | Bought the ring "Yhemin" {rCorr rElec Dex+2} for 573 gold pieces
 43192 | Snake:4  | Received a gift from Trog
 44669 | Snake:4  | Reached skill level 15 in Shields
 44738 | Snake:4  | Received a gift from Trog
 45434 | Snake:4  | Received a gift from Trog
 45486 | Snake:4  | Got a serpentine rune of Zot
 45776 | Shoals:1 | Entered Level 1 of the Shoals
 46168 | Shoals:1 | Received a gift from Trog
 46252 | Shoals:1 | Reached XP level 19. HP: 175/179 MP: 16/16
 46316 | Shoals:1 | Reached skill level 15 in Armour
 50366 | Shoals:2 | Noticed Aizul
 50382 | Shoals:2 | Killed Aizul
 51019 | Shoals:3 | Received a gift from Trog
 51434 | Shoals:3 | HP: 7/179 [kraken (22)]
 51435 | Shoals:3 | Annihilated by a kraken

Skill      XL: |  1  2  3  4  5  6  7  8  9 10 11 12 13 14 15 16 17 18 19 |
---------------+----------------------------------------------------------+-----
Axes           | 4 6 7 8 |  8.0
Fighting       | 4 5 6 10 12 14 18 | 18.0
Slings         | 1 2 7 11 | 11.7
Long Blades    | 2 6 8 |  8.1
Armour         | 6 9 11 12 14 16 | 16.0
Dodging        | 5 8 10 11 13 14 | 14.0
Maces & Flails | 1 7 8 13 18 | 18.4
Shields        | 4 11 12 15 | 15.6

Action                   |  1- 3 |  4- 6 |  7- 9 | 10-12 | 13-15 | 16-18 | 19-21 || total
-------------------------+-------+-------+-------+-------+-------+-------+-------++-------
Melee: Hand axe          |    78 |    73 |       |       |       |       |       ||   151
       Headbutt          |    11 |    18 |    32 |   103 |   312 |   332 |    90 ||   898
       War axe           |       |    50 |    10 |       |    13 |    23 |       ||    96
       Great sword       |       |       |   102 |       |       |       |       ||   102
       Mace              |       |       |    14 |   487 |  1334 |  1269 |   281 ||  3385
 Fire: Hunting sling     |       |    16 |   141 |   189 |   206 |   928 |   108 ||  1588
Throw: Javelin           |       |       |     1 |     7 |       |       |       ||     8
Invok: Berserk           |     1 |     1 |     8 |    15 |    19 |    12 |     2 ||    58
       Trog's Hand       |       |       |       |    11 |     8 |     7 |       ||    26
       Brothers in Arms  |       |       |       |     3 |       |       |       ||     3
       Burn Spellbooks   |       |       |       |     1 |       |     4 |       ||     5
Evoke: Wand              |       |       |       |     3 |     4 |     4 |       ||    11
       Box of beasts     |       |       |       |       |       |     1 |       ||     1
       Phial of floods   |       |       |       |       |       |     1 |       ||     1
  Use: Scroll            |       |     5 |     7 |    14 |    28 |    11 |       ||    65
       Potion            |       |       |       |     7 |     6 |    18 |       ||    31
 Stab: Distracted        |       |       |       |     1 |       |       |       ||     1
  Eat: Chunk             |     1 |     8 |    12 |    29 |    29 |    27 |     7 ||   113
       Ration            |       |       |     3 |     3 |    12 |    11 |     3 ||    32
Armor: Animal skin       |     7 |       |       |       |       |       |       ||     7
       Leather armour    |    14 |       |       |       |       |       |       ||    14
       Ring mail         |       |    48 |    54 |   194 |   245 |       |       ||   541
       Plate armour      |       |       |       |       |   110 |   619 |   114 ||   843
Dodge: Dodged            |    55 |    68 |    90 |   320 |   526 |   515 |   110 ||  1684
Block: Buckler           |       |       |     1 |   125 |   401 |   312 |       ||   839
       Reflection        |       |       |       |       |       |    68 |    25 ||    93
       Shield            |       |       |       |       |       |   571 |   270 ||   841
       Other             |       |       |       |       |       |    17 |       ||    17
       Rpst.: Great sword |       |       |    21 |       |       |       |       ||    21
